 Dungeon Sprint DCSS version 0.29-a0-817-g9904bce7a6 (webtiles) character file.

Game seed: 11079678795351039030

209 wilfster70 the Chopper (level 5, 0/46 HPs)
             Began as a Demonspawn Fighter on July 5, 2022.
             Was a Believer of Qazlal.
             Slain by a jumping spider (5 damage)
             ... in the Dungeon (Sprint V: "Ziggurat Sprint").
             The game lasted 00:01:39 (230 turns).

wilfster70 the Chopper (Demonspawn Fighter)          Turns: 230, Time: 00:01:40

Health: 0/46       AC: 19    Str: 30    XL:     5   Next: 55%
Magic:  7/9        EV:  0    Int: 10    God:    Qazlal [**....]
Gold:   0          SH: 30    Dex: 12    Spells: 4/4 levels left

rFire   + . .      SeeInvis .   a - +5 broad axe
rCold   + . .      Faith    .   c - +18 shield of the Gong {rElec rN+ Will+ EV-5}
rNeg    + . .      Spirit   .   n - +5 gold dragon scales
rPois   +          Reflect  .   (helmet restricted)
rElec   +          Harm     .   (no cloak)
rCorr   .          Rampage  .   (no gloves)
Will    +....      NoTele   +   (no boots)
Stlth   ..........              (no amulet)
HPRegen 0.15/turn               x - +6 ring of strength
MPRegen 0.11/turn               y - +6 ring of strength

@: no status effects
A: horns 1, repulsion field 1, foul stench 1, spiny 1
a: Renounce Religion, Upheaval


You were in the Dungeon.
You worshipped Qazlal.
Qazlal was pleased with you.
You visited 1 branch

Inventory:

Hand Weapons
 a - a +5 broad axe (weapon)
 b - the +10 sling "Ziewnal" {vorpal, Will+++}
   (You found it in the Dungeon)

   Any ammunition fired from it inflicts extra damage upon your enemies.
   Will:      It greatly increases your willpower.
Armour
 c - the +18 shield of the Gong (worn) {rElec rN+ Will+ EV-5}
   (You found it in the Dungeon)

   It is deafeningly noisy when blocking attacks.
   EV:        It affects your evasion (-5).
   rElec:     It insulates you from electricity.
   rN:        It protects you from negative energy.
   Will:      It increases your willpower.
 n - +5 gold dragon scales (worn)
Jewellery
 x - a +6 ring of strength (left hand)
 y - a +6 ring of strength (right hand)
Wands
 z - a wand of mindburst (7)
 A - a wand of quicksilver (7)
Scrolls
 j - 4 scrolls of blinking
 o - 4 scrolls of amnesia
 p - 7 scrolls of fog
 q - 2 scrolls of fear
 r - 5 scrolls of identify
Potions
 d - 6 potions of might
 e - 10 potions of curing
 f - 10 potions of heal wounds
 g - 6 potions of haste
 h - 7 potions of magic
 i - 3 potions of berserk rage
 k - 2 potions of brilliance
 l - 2 potions of invisibility
 m - 4 potions of resistance


   Skills:
 + Level 5.8 Fighting
 * Level 6.7 Axes
 + Level 5.2 Armour
 + Level 5.2 Shields
 + Level 6.6 Invocations


You had 4 spell levels left.
You didn't know any spells.
Your spell library contained the following spells:

 Spells                   Type           Power      Damage    Failure   Level
 Animate Armour           Summ/Erth      0%         N/A       100%        4
 Blade Hands              Tmut           0%         N/A       100%        5
 Iron Shot                Conj/Erth      0%         9d1       100%        6


Dungeon Overview and Level Annotations

Branches:
Dungeon (1/1)

Altars:
Ashenzari
Cheibriados
Dithmenos
Fedhas
Gozag
Hepliaklqana
Kikubaaqudgha
Makhleb
Nemelex Xobeh
Okawaru
Qazlal
Ru
Sif Muna
Trog
Uskayaw
Vehumet
Wu Jian
Xom
Yredelemnul
Jiyva
Lugonu

Annotations:
D 1 transporter


Innate Abilities, Weirdness & Mutations

You have a pair of small horns on your head.
You are surrounded by a mild repulsion field. (EV +2)
You may rarely emit foul miasma when damaged in melee.
You are partially covered in sharp spines.


Message History

The jumping spider is moderately wounded.
You block the jumping spider's attack.
PTOANNNG!
You block the jumping spider's attack.
PANG!
You block the jumping spider's attack.
GONNNNG!
You block the jumping spider's attack.
BOUMMMMG!
You barely miss the jumping spider.
The jumping spider is moderately wounded.
The jumping spider leaps! x2
The jumping spider attacks as you move away!
You block the jumping spider's attack.
GONNNNG!
You block the jumping spider's attack.
GONNNNG!
You barely miss the jumping spider.
The jumping spider is moderately wounded.
You block the jumping spider's attack.
GONNNNG!
The jumping spider bites you but does no damage.
You block the jumping spider's attack.
GONNNNG!
You block the jumping spider's attack.
GONNNNG!
The jumping spider pounces on you!
* * * LOW HITPOINT WARNING * * *
The jumping spider bites you.
* * * LOW HITPOINT WARNING * * *
You hit the jumping spider.
The jumping spider is moderately wounded.
The jumping spider is engulfed in freezing vapours.
The jumping spider pounces on you but does no damage.
You block the jumping spider's attack.
GONNNNG!
The jumping spider is engulfed in freezing vapours.
The jumping spider pounces on you but does no damage.
The jumping spider bites you.
You die...

▓▓▓▓▓▓▓▓▓▓▓▓▓▓▓▓▓▓▓
▓.8©8.▓.8©8.▓.8©8.▓
▓.}|[.▓..)).▓.....▓
▓..:..▓.....▓...).▓
▓.....▓.....▓.....▓
▓..†..▓.....▓.....▓
▓..@s.▓.....▓..©..▓
▓.§©..▓..©..▓▓▓▓▓▓▓
▓▓▓▓▓▓▓▓▓▓▓▓▓


You could see a jumping spider.

Vanquished Creatures
  3 scorpions (D)
  2 shadow imps (D)
  A white imp (D)
  A bat zombie (D)
  A giant cockroach zombie (D)
8 creatures vanquished.

Notes
Turn   | Place    | Note
-------+----------+-------------------------------------------
     0 | D        | wilfster70 the Demonspawn Fighter began the quest for the
                  | Orb.
     0 | D        | Reached XP level 1. HP: 18/18 MP: 1/1
     0 | D        | Found a shimmering blue altar of Sif Muna.
     0 | D        | Found a bloodstained altar of Trog.
     0 | D        | Found a sacrificial altar of Ru.
     0 | D        | Found a stormy altar of Qazlal.
     0 | D        | Found an iron altar of Okawaru.
     1 | D        | Found a sparkling altar of Nemelex Xobeh.
     1 | D        | Found a blossoming altar of Fedhas.
     1 | D        | Found the +6 Majin-Bo {vamp, MP+6 Int+6}
     1 | D        | Found the +9 heavy crossbow "Sniper" {vorpal, Acc+∞ SInv}
     1 | D        | Found the +10 dark maul {vorpal}
     1 | D        | Found the +15 Maxwell's patent armour {-Cast -Tele rElec
                  | Will+ rCorr}
     1 | D        | Found the +18 shield of the Gong {rElec rN+ Will+ EV-5}
     1 | D        | Found the +14 obsidian axe {vorpal, Mesm Drain Fly SInv}
     1 | D        | Found the +7 great mace "Firestarter" {inner flame, rF++}
     1 | D        | Found the +6 shillelagh "Devastator" {shatter}
     1 | D        | Found the +11 plutonium sword {Contam Stlth-}
     1 | D        | Found the +8 lance "Wyrmbane" {slay drac, rPois rF+ rC+
                  | AC+3}
     1 | D        | Found the +9 sword of Zonguldrok {reap}
     1 | D        | Found the +13 scythe of Curses {drain, Drain}
     1 | D        | Found the +5 sword of Power {vorpal}
     1 | D        | Found the +7 mace of Variability {chain chaos}
     1 | D        | Found the +7 Singing Sword {vorpal, sonic wave}
     1 | D        | Found the +8 storm bow {elec, penet}
     3 | D        | Found a transporter.
     3 | D        | Found an ancient bone altar of Kikubaaqudgha.
     3 | D        | Found a viscous altar of Jiyva.
     3 | D        | Found a corrupted altar of Lugonu.
     3 | D        | Found a hazy altar of Hepliaklqana.
     3 | D        | Found a burning altar of Makhleb.
     3 | D        | Found an opulent altar of Gozag.
    14 | D        | Became a worshipper of Qazlal Stormbringer
   112 | D        | Gained mutation: You are partially covered in sharp spines.
                  | [demonic ancestry]
   112 | D        | Reached XP level 2. HP: 25/25 MP: 1/4
   146 | D        | Entered arena 2.
   146 | D        | Found a transporter.
   153 | D        | Got the +10 sling "Ziewnal" {vorpal, Will+++}
   159 | D        | Entered arena 3.
   159 | D        | Found a transporter.
   164 | D        | Reached * piety under Qazlal
   164 | D        | Reached ** piety under Qazlal
   165 | D        | Gained mutation: You may rarely emit foul miasma when
                  | damaged in melee. [demonic ancestry]
   165 | D        | Reached XP level 3. HP: 26/31 MP: 4/6
   218 | D        | Entered arena 4.
   218 | D        | Noticed a scorpion
   218 | D        | Noticed a jumping spider
   218 | D        | Noticed a scorpion
   218 | D        | Noticed a scorpion
   218 | D        | Found a transporter.
   222 | D        | Killed a scorpion
   222 | D        | Killed a scorpion
   223 | D        | Reached skill level 5 in Fighting
   223 | D        | Reached skill level 5 in Armour
   223 | D        | Gained mutation: You are surrounded by a mild repulsion
                  | field. (EV +2) [demonic ancestry]
   223 | D        | Reached XP level 4. HP: 21/39 MP: 6/8
   223 | D        | Gained mutation: You have a pair of small horns on your
                  | head. [demonic ancestry]
   223 | D        | Reached XP level 5. HP: 24/44 MP: 6/9
   224 | D        | Reached skill level 5 in Shields
   230 | D        | Slain by a jumping spider

Illustrated notes

Levels and vault maps discovered:
D:        sprint_v [room_start, room_1, room_2, room_3, room_4, room_5, room_6,
          room_7, room_8, room_9, room_10, room_11, room_12, room_13, room_14,
          room_15, room_16, room_17, room_18, room_19, room_20, room_21,
          room_22, room_23, room_24, room_25, room_26, room_27]

Skill      XL: |  1  2  3  4  5 |
---------------+----------------+-----
Fighting       | 4 5 |  5.8
Axes           | 4 6 |  6.7
Armour         | 3 4 5 |  5.2
Shields        | 3 4 5 |  5.2
Invocations    | 3 4 6 |  6.6

Action                   |  1- 3 |  4- 6 || total
-------------------------+-------+-------++-------
Melee: Broad axe         |     7 |     7 ||    14
       Headbutt          |       |     1 ||     1
  Use: Potion            |     1 |       ||     1
Armor: Gold dragon scale |     8 |     6 ||    14
Block: Kite shield       |    18 |    20 ||    38

Table legend: (Time is in decaauts)
 A = Elapsed time spent in this place.
 B = Non-inter-level travel time spent in this place.
 C = Inter-level travel time spent in this place.
 D = Time resting spent in this place.
 E = Time spent auto-exploring this place.
 F = Levels seen in this place.
 G = Mean time per level.
                   A        B        C        D        E       F      G
               +--------+--------+--------+--------+--------+-----+--------+
         Total |    235 |    235 |      0 |     76 |      0 |   1 |  235.0 |
       Dungeon |    235 |    235 |      0 |     76 |      0 |   1 |  235.0 |
               +--------+--------+--------+--------+--------+-----+--------+

Top non-repeatable levels by time:
       D: 235 daAuts
